 Dungeon Crawl Stone Soup version 0.28.0-1-gb440e238dd (webtiles) character file.

Game seed: 10443197102830892725

52 Strat the Cutter (level 3, -2/28 HPs)
             Began as a Palentonga Brigand on Feb 19, 2022.
             Slain by a gnoll (8 damage)
             ... on level 1 of the Dungeon.
             The game lasted 00:02:32 (1259 turns).

Strat the Cutter (Palentonga Brigand)               Turns: 1259, Time: 00:02:32

Health: -2/28      AC:  6    Str: 16    XL:     3   Next: 60%
Magic:  3/3        EV:  9    Int: 11    God:
Gold:   32         SH:  0    Dex: 11    Spells: 2/2 levels left

rFire   . . .      SeeInvis +   b - +2 whip (elec)
rCold   . . .      Faith    .   (no shield)
rNeg    . . .      Spirit   .   l - +0 robe
rPois   .          Reflect  .   k - +0 helmet
rElec   .          Harm     .   c - +0 cloak
rCorr   .          Rampage  .   (no gloves)
Will    .....                   (no barding)
Stlth   ++........              (no amulet)
HPRegen 0.09/turn               (no ring)
MPRegen 0.08/turn               (no ring)

@: no status effects
A: large, rugged brown scales 3, see invisible, deformed body, roll 1, armoured
tail
a: Rolling Charge


You were on level 1 of the Dungeon.
You visited 1 branch of the dungeon, and saw 2 of its levels.

You collected 32 gold pieces.

Inventory:

Hand Weapons
 a - a +2 dagger
 b - a +2 whip of electrocution (weapon)
Missiles
 d - 8 poisoned darts (quivered)
 e - 2 curare-tipped darts
 h - 50 stones
 p - 22 sling bullets
Armour
 c - a +0 cloak (worn)
 k - a +0 helmet (worn)
 l - a +0 robe (worn)
Jewellery
 o - a ring of wizardry
 q - an amulet of the acrobat
Scrolls
 i - a scroll of teleportation {unknown}
 j - a scroll of enchant weapon {unknown}
 m - a scroll of identify {unknown}
 n - a scroll of enchant armour {unknown}
Potions
 f - a potion of brilliance {unknown}
 g - a potion of curing {unknown}


   Skills:
 - Level 2.0 Fighting
 - Level 3.6 Short Blades
 + Level 1.4 Maces & Flails
 - Level 1.3 Throwing
 - Level 0.7 Dodging
 - Level 2.6 Stealth


You had 2 spell levels left.
You didn't know any spells.
Your spell library was empty.

Dungeon Overview and Level Annotations

Branches:
Dungeon (2/15)

Altars:


Innate Abilities, Weirdness & Mutations

You are completely covered in rugged brown scales. (AC +3, +7% HP)
You have supernaturally acute eyesight. (SInv)
Armour fits poorly on your strangely shaped body.
You can roll at nearby foes to attack.
You have a long armoured tail.


Message History

The adder hisses angrily.
The adder barely misses you.
You hear the crackle of electricity.
b - a +2 whip of electrocution (weapon)
The gnoll hits you from afar with a +0 spear.
You closely miss the adder. The adder bites you.
You are poisoned.
The adder poisons you!
The gnoll hits you from afar with a +0 spear.
* * * LOW HITPOINT WARNING * * *
The adder bites you but does no damage.
You hit the adder but do no damage. You tail-slap the adder.
The adder is heavily wounded.
You feel sick. The adder barely misses you. The gnoll barely misses you.
You barely miss the adder.
The adder is heavily wounded.
You feel sick. The adder bites you but does no damage.
The gnoll barely misses you. The adder barely misses you.
You feel sick.
You are no longer poisoned.
You hit the adder but do no damage. Lightning courses through the adder!
You kill the adder!
You hit the gnoll.
Your tail-slap misses the gnoll.
The gnoll is moderately wounded.
The gnoll hits you with a +3 whip!
* * * LOW HITPOINT WARNING * * *
Okay, then.
The gnoll closely misses you.
There is a stone staircase leading up here.
The gnoll hits you with a +3 whip.
* * * LOW HITPOINT WARNING * * *
You climb upwards.
There is a stone staircase leading down here.
You barely miss the gnoll.
The gnoll is moderately wounded.
The gnoll hits you but does no damage.
You hit the gnoll.
Your tail-slap misses the gnoll.
The gnoll is heavily wounded.
The gnoll hits you with a +3 whip!
You die...

#..........).#
#.####...##### #
#.........######
#...............
#..........###..
###........#...#.#
#............#.#.#
#g#.........##.#..
#@#.........##.##.
##.####.##.#.##รท##.
#..................
#..................
#.###.#.###..#####.
#.# #.#.# ##.# #.
#.# #.#.# ##.# #.
#.# #.#.# #..# #.
#.# #.#.# #.## #.


You could see a gnoll.

Vanquished Creatures
  An adder (D:2)
  A dart slug (D:1)
  4 ball pythons
  3 endoplasms (D:1)
  2 giant cockroaches
  5 goblins
  3 hobgoblins (D:1)
  8 kobolds
  2 quokkas (D:1)
  3 bats (D:1)
  3 frilled lizards
  2 rats (D:1)
37 creatures vanquished.

Notes
Turn   | Place    | Note
-------+----------+-------------------------------------------
     0 | D:1      | Strat the Palentonga Brigand began the quest for the Orb.
     0 | D:1      | Reached XP level 1. HP: 17/17 MP: 1/1
   258 | D:1      | Reached XP level 2. HP: 23/23 MP: 2/2
   276 | D:1      | Reached skill level 3 in Short Blades
   722 | D:1      | Reached XP level 3. HP: 28/28 MP: 3/3
  1074 | D:2      | Reached skill level 1 in Maces & Flails
  1259 | D:1      | Slain by a gnoll

Illustrated notes

Levels and vault maps discovered:
D:1:      sevenhm_arrival_forest_fort_small_3, layout_loops_ring,
          minmay_tromino_mix6
D:2:      layout_loops_ring

Skill      XL: |  1  2  3 |
---------------+----------+-----
Short Blades   | 3 |  3.6
Maces & Flails | 1 |  1.4
Fighting       | |  2.0
Throwing       | |  1.3
Dodging        | |  0.7
Stealth        | |  2.6

Action                   || total
-------------------------++-------
Melee: Dagger            ||    99
       Tailslap          ||    10
       Punch             ||     2
       Whip              ||     7
 Stab: Sleeping          ||     5
Armor: Robe              ||    42
Dodge: Dodged            ||    42
